SA
HAMMOND HERONS @ MT. VERNON BULLS
07/17/2025
 
TOP OF THE 1ST
Hammond Herons batting - Pitching for Mt. Vernon Bulls : RHP Chet Delaney
Pitching: RHP Chet Delaney
Batting: RHB Héctor Rivera 0-0: Called Strike
0-1: Ball
1-1: SINGLE (Flyball, 8LS)
Batting: LHB Stanley Belote 0-0: Foul Ball, location: 2F
0-1: Ball
1-1: Ball
2-1: Ball
3-1: Fly out, F8 (Line Drive, 8LS)
Batting: RHB José Jarca Pickoff Throw to First - Error! E1
Héctor Rivera to second
0-0: Ball
1-0: Fly out, F3 (Popup, 3)
Batting: RHB Manuel Guillama 0-0: Called Strike
0-1: DOUBLE (Line Drive, 8LXD)
Héctor Rivera scores
Batting: RHB Jay Hood 0-0: Ball
1-0: Swinging Strike
1-1: Ball
2-1: Ball
Wild Pitch!
Manuel Guillama to third
3-1: Foul Ball, location: 2F
3-2: Fly out, F6 (Popup, 6)
Top of the 1st over - 1 run(s), 2 hit(s), 1 error(s), 1 left on base; Hammond 1 - Mt. Vernon 0
BOTTOM OF THE 1ST
Mt. Vernon Bulls batting - Pitching for Hammond Herons : RHP Alberto Mendoza
Pitching: RHP Alberto Mendoza
Batting: RHB Noël Sassetti 0-0: Called Strike
0-1: Ball
1-1: Called Strike
1-2: Strikes out swinging
Batting: SHB Anastasio Delgadilo 0-0: Foul Ball, location: 2F
0-1: Ball
1-1: Swinging Strike
1-2: Foul Ball, location: 2F
1-2: SINGLE (Line Drive, 78S)
Batting: RHB José Perea 0-0: Foul Ball, location: 2F
0-1: SINGLE (Groundball, 56D)
Anastasio Delgadilo to second
Batting: LHB Alex Reid 0-0: Called Strike
0-1: Called Strike
0-2: Ball
1-2: Fly out, F7 (Flyball, 78S)
Batting: SHB Marvin Fitton 0-0: Ball
Balk!
Anastasio Delgadilo to third
José Perea to second
1-0: Foul Ball, location: 2F
1-1: Ball
2-1: Ball
3-1: Base on Balls
Batting: RHB Louis Litt 0-0: Ball
1-0: SINGLE (Groundball, 6MD)
Anastasio Delgadilo scores
José Perea to third
Marvin Fitton to second
Runner from 3rd tries for Home, SAFE, no throw
Batting: SHB José Macías 0-0: Ball
1-0: Fly out, F7 (Flyball, 7LM)
Bottom of the 1st over - 2 run(s), 3 hit(s), 0 error(s), 2 left on base; Hammond 1 - Mt. Vernon 2
TOP OF THE 2ND
Hammond Herons batting - Pitching for Mt. Vernon Bulls : RHP Chet Delaney
Batting: LHB Rubén Aracil 0-0: Swinging Strike
0-1: Ground out 3-1 (Groundball, 34)
Batting: RHB David Meléndez 0-0: Ball
1-0: Ball
2-0: Fly out, F8 (Line Drive, 8RM)
Batting: RHB Mark Frisby 0-0: Ball
1-0: Ball
2-0: Ball
3-0: Base on Balls
Batting: RHB Sergio Pérez 0-0: Ball
1-0: Foul Ball, location: 2F
1-1: DOUBLE (Groundball, 5L)
Mark Frisby to third
Runner from 3rd tries for Home, SAFE, no throw
Batting: RHB Héctor Rivera 0-0: Ball
1-0: Ball
2-0: Foul Ball, location: 2F
2-1: Fly out, F7 (Flyball, 7)
Top of the 2nd over - 1 run(s), 1 hit(s), 0 error(s), 1 left on base; Hammond 2 - Mt. Vernon 2
BOTTOM OF THE 2ND
Mt. Vernon Bulls batting - Pitching for Hammond Herons : RHP Alberto Mendoza
Batting: RHB Manny Álvarez 0-0: Ball
1-0: DOUBLE (Flyball, 89D)
Batting: RHB Ryan Robbins 0-0: Ball
1-0: Called Strike
1-1: Ball
2-1: Ball
3-1: Ground out 1-3 (Groundball, P)
Manny Álvarez to third
Batting: RHB Noël Sassetti 0-0: Called Strike
0-1: Fly out, F7 (Line Drive, 7LM)
Runner from 3rd tags up, SCORES, no throw
Batting: SHB Anastasio Delgadilo 0-0: Swinging Strike
0-1: Ball
1-1: SINGLE (Line Drive, 4)
Batting: RHB José Perea 0-0: Ball
1-0: SINGLE (Line Drive, 6MD)
Anastasio Delgadilo to second
Runner from 2nd tries for 3rd, SAFE, no throw
Batting: LHB Alex Reid 0-0: Ground out 4-3 (Groundball, 4)
Bottom of the 2nd over - 1 run(s), 3 hit(s), 0 error(s), 2 left on base; Hammond 2 - Mt. Vernon 3
TOP OF THE 3RD
Hammond Herons batting - Pitching for Mt. Vernon Bulls : RHP Chet Delaney
Batting: LHB Stanley Belote 0-0: Ball
1-0: Ball
2-0: Ball
3-0: Called Strike
3-1: Foul Ball, location: 2F
3-2: Base on Balls
Batting: RHB José Jarca 0-0: Ball
1-0: Foul Ball, location: 2F
1-1: Grounds into double play, 6-4-3 (Groundball, 6)
Batting: RHB Manuel Guillama 0-0: Ball
1-0: Called Strike
1-1: Swinging Strike
1-2: Ball
2-2: Foul Ball, location: 2F
2-2: Ball
3-2: Strikes out swinging
Top of the 3rd over - 0 run(s), 0 hit(s), 0 error(s), 0 left on base; Hammond 2 - Mt. Vernon 3
BOTTOM OF THE 3RD
Mt. Vernon Bulls batting - Pitching for Hammond Herons : RHP Alberto Mendoza
Batting: SHB Marvin Fitton 0-0: Fly out, F7 (Flyball, 7)
Batting: RHB Louis Litt 0-0: Foul Ball, location: 2F
0-1: Foul Ball, location: 2F
0-2: Ball
1-2: Strikes out looking
Batting: SHB José Macías 0-0: Ball
1-0: DOUBLE (Line Drive, 7LS)
Batting: RHB Manny Álvarez 0-0: Foul Ball, location: 2F
0-1: Ground out 5-3 (Groundball, 56)
Bottom of the 3rd over - 0 run(s), 1 hit(s), 0 error(s), 1 left on base; Hammond 2 - Mt. Vernon 3
TOP OF THE 4TH
Hammond Herons batting - Pitching for Mt. Vernon Bulls : RHP Chet Delaney
Batting: RHB Jay Hood 0-0: Ball
1-0: Ball
2-0: Ball
3-0: Base on Balls
Batting: LHB Rubén Aracil 0-0: Called Strike
0-1: Ball
1-1: Ball
2-1: SINGLE (Groundball, 5L) (infield hit)
Jay Hood to second
Batting: RHB David Meléndez 0-0: Ball
1-0: Ball
Rubén Aracil is caught stealing 2nd base
2-0: Ground out 6-3 (Groundball, 6)
Jay Hood scores
Batting: RHB Mark Frisby 0-0: Foul Ball, location: 2F
0-1: Ball
1-1: Called Strike
1-2: Strikes out looking
Top of the 4th over - 1 run(s), 1 hit(s), 0 error(s), 0 left on base; Hammond 3 - Mt. Vernon 3
BOTTOM OF THE 4TH
Mt. Vernon Bulls batting - Pitching for Hammond Herons : RHP Alberto Mendoza
Batting: RHB Ryan Robbins 0-0: Reached on error, E6 (Groundball, 6)
Batting: RHB Noël Sassetti 0-0: Called Strike
0-1: Ball
1-1: Called Strike
1-2: Strikes out looking
Batting: SHB Anastasio Delgadilo 0-0: Called Strike
0-1: Swinging Strike
0-2: Ball
1-2: Strikes out swinging
Batting: RHB José Perea 0-0: Called Strike
0-1: Foul Ball, location: 2F
0-2: Ball
1-2: Ball
2-2: Strikes out swinging
Bottom of the 4th over - 0 run(s), 0 hit(s), 1 error(s), 1 left on base; Hammond 3 - Mt. Vernon 3
TOP OF THE 5TH
Hammond Herons batting - Pitching for Mt. Vernon Bulls : RHP Chet Delaney
Batting: RHB Sergio Pérez 0-0: Foul Ball, location: 2F
0-1: Ground out 6-3 (Groundball, 6)
Batting: RHB Héctor Rivera 0-0: SINGLE (Groundball, 4MD)
Batting: LHB Stanley Belote 0-0: Ground out U3 (Groundball, 3)
Héctor Rivera to second
Batting: RHB José Jarca 0-0: Called Strike
0-1: Foul Ball, location: 2F
0-2: Ball
1-2: Ball
2-2: Strikes out swinging
Top of the 5th over - 0 run(s), 1 hit(s), 0 error(s), 1 left on base; Hammond 3 - Mt. Vernon 3
BOTTOM OF THE 5TH
Mt. Vernon Bulls batting - Pitching for Hammond Herons : RHP Alberto Mendoza
Batting: LHB Alex Reid 0-0: Ball
1-0: SINGLE (Flyball, 9LM)
Batting: SHB Marvin Fitton 0-0: Ball
1-0: Ball
2-0: Ball
3-0: Swinging Strike
3-1: Base on Balls
Alex Reid to second
Batting: RHB Louis Litt 0-0: Ball
1-0: Ball
2-0: Bunt missed!
2-1: Sac Bunt - play at first, batter OUT! 1-4
Alex Reid to third
Marvin Fitton to second
Batting: SHB José Macías 0-0: Ball
1-0: SINGLE (Groundball, 4D)
Alex Reid scores
Marvin Fitton to third
Runner from 3rd tries for Home, SAFE, no throw
Batting: RHB Manny Álvarez 0-0: Ball
José Macías steals 2nd base
1-0: Ball
2-0: Ball
3-0: Called Strike
3-1: Swinging Strike
3-2: Strikes out looking
Batting: RHB Ryan Robbins 0-0: Called Strike
0-1: Swinging Strike
0-2: Ball
1-2: Fly out, F9 (Flyball, 9LSF)
Bottom of the 5th over - 2 run(s), 2 hit(s), 0 error(s), 1 left on base; Hammond 3 - Mt. Vernon 5
TOP OF THE 6TH
Hammond Herons batting - Pitching for Mt. Vernon Bulls : RHP Chet Delaney
Batting: RHB Manuel Guillama 0-0: Ball
1-0: Ball
2-0: Fly out, F5 (Popup, 5S)
Batting: RHB Jay Hood 0-0: Foul Ball, location: 2F
0-1: Called Strike
0-2: Ball
1-2: Strikes out swinging
Batting: LHB Rubén Aracil 0-0: Ball
1-0: Called Strike
1-1: Ball
2-1: Swinging Strike
2-2: Strikes out swinging
Top of the 6th over - 0 run(s), 0 hit(s), 0 error(s), 0 left on base; Hammond 3 - Mt. Vernon 5
BOTTOM OF THE 6TH
Mt. Vernon Bulls batting - Pitching for Hammond Herons : RHP Alberto Mendoza
Batting: RHB Noël Sassetti 0-0: Called Strike
0-1: Ground out 5-3 (Groundball, 56)
Batting: SHB Anastasio Delgadilo 0-0: Ball
1-0: Ball
2-0: Called Strike
2-1: Swinging Strike
2-2: Ground out 5-3 (Groundball, 56)
Batting: RHB José Perea 0-0: Ball
1-0: Swinging Strike
1-1: Fly out, F9 (Flyball, 9)
Bottom of the 6th over - 0 run(s), 0 hit(s), 0 error(s), 0 left on base; Hammond 3 - Mt. Vernon 5
TOP OF THE 7TH
Hammond Herons batting - Pitching for Mt. Vernon Bulls : RHP Chet Delaney
Batting: RHB David Meléndez 0-0: Fly out, F8 (Line Drive, 8LS)
Batting: RHB Mark Frisby 0-0: Swinging Strike
0-1: Called Strike
0-2: Ball
1-2: Ground out 5-3 (Groundball, 56S)
Batting: RHB Sergio Pérez 0-0: Called Strike
0-1: Ball
1-1: Foul Ball, location: 2F
1-2: Ball
2-2: Foul Ball, location: 2F
2-2: Ball
3-2: Fly out, F9 (Flyball, 9LS)
Top of the 7th over - 0 run(s), 0 hit(s), 0 error(s), 0 left on base; Hammond 3 - Mt. Vernon 5
BOTTOM OF THE 7TH
Mt. Vernon Bulls batting - Pitching for Hammond Herons : RHP Alberto Mendoza
Batting: LHB Alex Reid 0-0: SINGLE (Groundball, 25) (infield hit)
Batting: SHB Marvin Fitton 0-0: Grounds into double play, 4-6-3 (Groundball, 4)
Batting: RHB Louis Litt 0-0: Ball
1-0: Ball
2-0: Ball
3-0: Base on Balls
Batting: SHB José Macías 0-0: Ball
1-0: Ball
Louis Litt steals 2nd base
2-0: DOUBLE (Line Drive, 78M)
Louis Litt scores
Pitching: RHP Mario Gonzáles
Batting: RHB Manny Álvarez 0-0: Ball
1-0: Called Strike
1-1: Ball
2-1: SINGLE (Line Drive, 7LS)
José Macías to third
Runner from 3rd tries for Home, SAFE, no throw
Batting: RHB Ryan Robbins 0-0: Called Strike
Manny Álvarez is caught stealing 2nd base
Bottom of the 7th over - 2 run(s), 3 hit(s), 0 error(s), 0 left on base; Hammond 3 - Mt. Vernon 7
TOP OF THE 8TH
Hammond Herons batting - Pitching for Mt. Vernon Bulls : RHP Chet Delaney
Batting: RHB Héctor Rivera 0-0: Swinging Strike
0-1: Ground out 5-3 (Groundball, 56)
Batting: LHB Stanley Belote 0-0: Foul Ball, location: 2F
0-1: Ground out 4-3 (Groundball, 4)
Batting: RHB José Jarca 0-0: Fly out, F6 (Popup, 56D)
Top of the 8th over - 0 run(s), 0 hit(s), 0 error(s), 0 left on base; Hammond 3 - Mt. Vernon 7
BOTTOM OF THE 8TH
Mt. Vernon Bulls batting - Pitching for Hammond Herons : RHP Mario Gonzáles
Batting: RHB Ryan Robbins 0-0: Swinging Strike
0-1: Ball
1-1: Ball
2-1: Ball
3-1: Foul Ball, location: 2F
3-2: Foul Ball, location: 2F
3-2: Foul Ball, location: 2F
3-2: Fly out, F8 (Flyball, 78M)
Batting: RHB Noël Sassetti 0-0: Ball
1-0: Ground out 6-3 (Groundball, 6)
Batting: SHB Anastasio Delgadilo 0-0: Called Strike
0-1: Ball
1-1: Ball
2-1: Swinging Strike
2-2: Ground out 1-3 (Groundball, 13S)
Bottom of the 8th over - 0 run(s), 0 hit(s), 0 error(s), 0 left on base; Hammond 3 - Mt. Vernon 7
TOP OF THE 9TH
Hammond Herons batting - Pitching for Mt. Vernon Bulls : RHP Chet Delaney
Batting: RHB Manuel Guillama 0-0: Ball
1-0: Called Strike
1-1: Ground out 6-3 (Groundball, 6)
Batting: RHB Jay Hood 0-0: Ball
1-0: Fly out, F8 (Flyball, 8RS)
Batting: LHB Rubén Aracil 0-0: Ball
1-0: Called Strike
1-1: Foul Ball, location: 2F
1-2: Ball
2-2: Foul Ball, location: 2F
2-2: Strikes out swinging
Top of the 9th over - 0 run(s), 0 hit(s), 0 error(s), 0 left on base; Hammond 3 - Mt. Vernon 7
Friday, December 30th, 2016 - OOTP Baseball 17.12 Build 75